 Dungeon Crawl Stone Soup version 0.27.1-15-g792fb953b9 (webtiles) character file.

Game seed: 8023092256881166270

9133 unlimited1921 the Magician (level 10, -1/83 HPs)
             Began as a Demigod Fire Elementalist on Nov 21, 2021.
             Succumbed to a swamp dragon's poison gas
             ... on level 8 of the Dungeon.
             The game lasted 01:34:19 (18447 turns).

unlimited1921 the Magician (DgFE)                  Turns: 18447, Time: 01:34:20

Health: -1/83      AC: 13    Str: 17    XL:     10   Next: 99%
Magic:  24/26      EV: 14    Int: 27    God:
Gold:   341        SH:  0    Dex: 20    Spells: 7/24 levels left

rFire    . . .     SeeInvis .   x - +3 quarterstaff (chaos)
rCold    + . .     Faith    .   (shield currently unavailable)
rNeg     . . .     Spirit   .   v - +0 leather armour
rPois    .         Reflect  .   J - +2 hat {Stlth+}
rElec    .         Harm     .   y - +0 cloak
rCorr    .         Rampage  .   h - +2 pair of gloves "Rurihoar" {rC+ Str+3}
Will     +....                  I - +2 pair of boots
Stlth    +++.......             C - amulet of magic regeneration
HPRegen  0.23/turn              r - ring of wizardry
MPRegen  0.45/turn              B - ring of Fixation {Str+5 Int-2 Dex+6}

@: mighty, lethally poisoned (-1 -> -52)
A: high mp 1, forlorn, screaming 1
a: no special abilities


You were on level 8 of the Dungeon.
You visited 1 branch of the dungeon, and saw 8 of its levels.

You collected 1516 gold pieces.
You spent 1175 gold pieces at shops.

Inventory:

Hand Weapons
 j - a +0 long sword
 k - a +4 dagger
 x - a +3 quarterstaff of chaos (weapon)
 z - a +3 glaive
 D - a +1 whip of freezing
 N - a +0 dagger of venom
Missiles
 u - 86 poisoned darts
 E - 4 boomerangs
 G - 8 javelins
 H - 16 bolts
Armour
 h - the +2 pair of gloves "Rurihoar" (worn) {rC+ Str+3}
   (You acquired it on level 3 of the Dungeon)

   Str:       It affects your strength (+3).
   rC:        It protects you from cold.
 v - a +0 leather armour (worn)
 y - a +0 cloak (worn)
 I - a +2 pair of boots (worn)
 J - a +2 hat of stealth (worn)
Jewellery
 r - a ring of wizardry (left hand)
 B - the ring of Fixation (right hand) {Str+5 Int-2 Dex+6}
   (You bought it in a shop on level 3 of the Dungeon)

   [ring of dexterity]

   Str:       It affects your strength (+5).
   Int:       It affects your intelligence (-2).
   Dex:       It affects your dexterity (+6).
 C - an amulet of magic regeneration (around neck)
 L - a +4 ring of evasion
Wands
 t - a wand of acid (3) (quivered)
 M - a wand of flame (18)
 O - a wand of digging (3)
Scrolls
 b - a scroll of enchant armour
 c - 2 scrolls of immolation
 e - 2 scrolls of teleportation {unknown}
 f - 2 scrolls of magic mapping {unknown}
 g - 3 scrolls of torment {unknown}
 i - a scroll of fear
 l - 2 scrolls of amnesia
 p - 2 scrolls of fog
 s - 3 scrolls of noise
 K - a scroll of enchant weapon
Potions
 a - a potion of brilliance
 d - a potion of magic
 n - a potion of curing {unknown}
 o - 2 potions of might
 q - a potion of invisibility {unknown}
 w - 2 potions of haste {unknown}
 A - 3 potions of mutation
 F - 2 potions of lignification {unknown}
 P - a potion of resistance {unknown}


   Skills:
 - Level 6.1 Fighting
 + Level 0.9 Long Blades
 + Level 1.8 Staves
 + Level 2.0 Throwing
 * Level 4.8 Armour
 * Level 4.3 Dodging
 + Level 3.1 Stealth
 + Level 7.8 Spellcasting
 + Level 5.1 Conjurations
 + Level 4.1 Hexes
 + Level 2.7 Summonings
 + Level 6.5 Fire Magic
 + Level 0.5 Evocations


You had 7 spell levels left.
You knew the following spells:

 Your Spells              Type           Power      Damage    Failure   Level
a - Foxfire               Conj/Fire      100%       2x1d9     1%          1
b - Conjure Flame         Conj/Fire      42%        6-21      1%          3
c - Inner Flame           Hex/Fire       39%        N/A       1%          3
d - Summon Small Mammal   Summ           100%       N/A       1%          1
e - Cause Fear            Hex            16%        N/A       4%          4
f - Fireball              Conj/Fire      21%        3d10      6%          5

Your spell library contained the following spells:

 Spells                   Type           Power      Damage    Failure   Level
 Corona                   Hex            35%        N/A       1%          1
 Ensorcelled Hibernation  Hex/Ice        42%        N/A       1%          2
 Animate Skeleton         Necr           20%        N/A       2%          1
 Apportation              Tloc           20%        N/A       2%          1
 Sticky Flame             Conj/Fire      42%        2d6       2%          4
 Spider Form              Tmut/Pois      5%         N/A       8%          3
 Shadow Creatures         Summ           N/A        N/A       75%         6
 Dragon Form              Tmut           5%         N/A       100%        7
 Dragon's Call            Summ           12%        N/A       100%        9


Dungeon Overview and Level Annotations

Branches:
Dungeon (8/15)             Temple (0/1) D:6
   Lair: D:8-11

Shops:
D:3 =   D:7 [


Innate Abilities, Weirdness & Mutations

Your attributes grow dramatically as you level up.
You have an increased reservoir of magic. (+10% MP)
You shall have no god before yourself.
You occasionally shout uncontrollably at your foes.


Message History

The fire begins to smoulder!
The swamp dragon roars deafeningly!
The fire ignites!
Casting: Conjure Flame (safe; 1% risk of failure)
Confirm with . or Enter, or press ? or * to list all spells.
You don't know that spell.
Unknown command.
Unknown command.
Casting: Conjure Flame (safe; 1% risk of failure)
Confirm with . or Enter, or press ? or * to list all spells.
The fire begins to smoulder!
The swamp dragon breathes poison at you.
The blast of poison engulfs you.
You are poisoned.
You are engulfed in poison gas.
You are more poisoned.
You feel very sick.
Casting: Conjure Flame (safe; 1% risk of failure)
Confirm with . or Enter, or press ? or * to list all spells.
There's already a cloud here!
You are engulfed in poison gas.
You are more poisoned.
You feel extremely sick.
You are engulfed in poison gas.
You are more poisoned.
You feel extremely sick.
You feel extremely sick.
You feel extremely sick.
The swamp dragon is engulfed in blazing flames.
The swamp dragon breathes poison at you.
You are engulfed in poison gas.
You are lethally poisoned!
* * * LOW HITPOINT WARNING * * *
You feel extremely sick.
The swamp dragon is engulfed in blazing flames.
It was a potion of might.
You feel very mighty all of a sudden.
You are engulfed in poison gas.
You are more poisoned.
* * * LOW HITPOINT WARNING * * *
You die...

# #...###.#.#.#.#####.#
# ##..# #.#.#.#.# ##.#
# #..# #.#.#.#.#
##..### ########..#
#.#.#.#.# #.....#
..........# #.#.#.#.#
#..)..#
#########.###.#.#.#.#
#.)∩).#
#...(....○#○○.###..)..#
#.##.##.##☼☼☼.........#
#.##..#.##@#####...####
#.###.#.##☼# ##### #.#
#.#.##°# #.# #...##.#
#.# ##..##○# ##
#.####..##°# ### .#
#......>##D# ###### #..
.#
##########○#####....#
#.. .# #............#
#..


You could see a swamp dragon (catching breath).

Vanquished Creatures
  The ghost of Baconl0rd the Thaumaturge, a novice DjAE of Yredelemnul (D:8)
  Pikel (D:5)
  The ghost of Ekaitz the Ruffian, a novice DrTm (D:6)
  The ghost of Foxy the Cudgeller, a novice DsFi of Okawaru (D:6)
  The ghost of JonathMagnus the Caller, a novice DrSu (D:6)
  4 ugly things (D:8)
  The ghost of meepyknight the Blocker, a novice GrFi of the Shining One (D:6)
  A faun (shapeshifter) (D:8)
  An elephant (shapeshifter) (D:8)
  Maggie (D:6)
  Psyche (D:8)
  The ghost of seaofthunder the Skirmisher, an amateur HOFi (D:6)
  A raiju (shapeshifter) (D:8)
  2 hornets (D:8)
  2 neqoxecs (D:8)
  A water moccasin (D:8)
  2 orc warriors
  2 black bears
  A sky beast (D:8)
  An ogre (D:7)
  A necrophage (D:5)
  A centaur (D:7)
  A phantom (D:4)
  A bullfrog (D:7)
  3 kobold brigands
  2 scorpions
  2 water moccasin zombies
  8 killer bees (D:7)
  A howler monkey (D:6)
  A lava snake (D:7)
  2 centaur zombies
  An orc priest (D:7)
  2 jellies
  Crazy Yiuf (D:3)
  2 centaur skeletons
  A gnoll shaman (D:7)
  5 hounds
  A bullfrog skeleton (D:5)
  Ijyb (D:3)
  3 iguanas
  An orc wizard (D:7)
  A howler monkey zombie (D:8)
  7 gnolls
  8 adders
  3 ufetubi
  An adder skeleton (D:5)
  A worm (D:4)
  5 dart slugs
  10 orcs
  7 endoplasms
  4 giant cockroaches
  10 goblins
  16 hobgoblins
  18 kobolds
  5 quokkas
  7 ball pythons
  4 bats
  2 frilled lizards
  5 rats
182 creatures vanquished.

Vanquished Creatures (collateral kills)
  A foxfire (D:6)
1 creature vanquished.

Vanquished Creatures (others)
  639 foxfires
  2 fungi (D:3)
641 creatures vanquished.

Grand Total: 824 creatures vanquished

Notes
Turn   | Place    | Note
-------+----------+-------------------------------------------
     0 | D:1      | unlimited1921 the Demigod Fire Elementalist began the quest
                  | for the Orb.
     0 | D:1      | Reached XP level 1. HP: 14/14 MP: 5/5
   736 | D:1      | Reached skill level 2 in Spellcasting
   940 | D:1      | Reached XP level 2. HP: 20/20 MP: 3/7
  2890 | D:2      | Reached skill level 1 in Conjurations
  2897 | D:2      | Reached XP level 3. HP: 26/26 MP: 3/9
  5617 | D:3      | Reached XP level 4. HP: 34/34 MP: 4/10
  5753 | D:3      | Learned a level 3 spell: Conjure Flame
  5757 | D:3      | Learned a level 3 spell: Inner Flame
  6636 | D:3      | Noticed Ijyb
  6642 | D:3      | Killed Ijyb
  6643 | D:3      | Reached skill level 1 in Fighting
  6643 | D:3      | Reached skill level 3 in Spellcasting
  7194 | D:3      | Found Edess's Jewellery Shoppe.
  7668 | D:3      | Found a runed translucent door.
  7669 | D:3      | Noticed Crazy Yiuf
  8031 | D:3      | Killed Crazy Yiuf
  8032 | D:3      | Reached XP level 5. HP: 21/40 MP: 10/12
  8181 | D:3      | Learned a level 1 spell: Summon Small Mammal
  8850 | D:4      | Reached XP level 6. HP: 48/48 MP: 6/13
 10572 | D:4      | Identified 2 scrolls of acquirement
 11081 | D:3      | Acquired 1074 gold pieces
 11085 | D:3      | Bought the ring of Fixation {Str+5 Int-2 Dex+6} for 718
                  | gold pieces
 11085 | D:3      | Bought an amulet of magic regeneration for 300 gold pieces
 11094 | D:3      | Acquired the +2 pair of gloves "Rurihoar" {rC+ Str+3}
 11163 | D:5      | Entered Level 5 of the Dungeon
 11431 | D:5      | Reached skill level 1 in Armour
 11486 | D:5      | Reached XP level 7. HP: 56/56 MP: 9/15
 11530 | D:5      | Noticed Pikel
 11543 | D:5      | Killed Pikel
 11544 | D:5      | Reached skill level 4 in Spellcasting
 11930 | D:5      | Reached skill level 1 in Staves
 11976 | D:5      | Reached XP level 8. HP: 63/63 MP: 13/17
 11990 | D:5      | Reached skill level 1 in Hexes
 12838 | D:6      | Reached skill level 1 in Summonings
 13162 | D:6      | Found a staircase to the Ecumenical Temple.
 13176 | D:6      | Noticed Maggie
 13193 | D:6      | Killed Maggie
 13194 | D:6      | Reached skill level 5 in Spellcasting
 13194 | D:6      | Reached skill level 5 in Fire Magic
 14105 | D:6      | Found a runed translucent gate.
 14105 | D:6      | Found a runed translucent gate.
 14105 | D:6      | Found a runed translucent gate.
 14107 | D:6      | Noticed Foxy's ghost (novice DsFi)
 14107 | D:6      | Noticed JonathMagnus's ghost (novice DrSu)
 14107 | D:6      | Noticed meepyknight's ghost (novice GrFi)
 14107 | D:6      | Noticed Ekaitz's ghost (novice DrTm)
 14107 | D:6      | Noticed seaofthunder's ghost (amateur HOFi)
 14129 | D:6      | Killed meepyknight's ghost
 14130 | D:6      | Reached skill level 1 in Throwing
 14130 | D:6      | Reached XP level 9. HP: 59/73 MP: 11/20
 14167 | D:6      | Killed Ekaitz's ghost
 14168 | D:6      | Reached skill level 5 in Fighting
 14435 | D:6      | Killed JonathMagnus's ghost
 14438 | D:6      | Killed Foxy's ghost
 14439 | D:6      | Reached skill level 6 in Spellcasting
 14637 | D:6      | Killed seaofthunder's ghost
 15135 | D:7      | Found Raschov's Antique Armour Emporium.
 15217 | D:7      | Bought a pair of runed boots for 157 gold pieces
 15229 | D:7      | Learned a level 4 spell: Cause Fear
 15235 | D:7      | Learned a level 5 spell: Fireball
 15542 | D:7      | Reached XP level 10. HP: 72/83 MP: 16/24
 16656 | D:8      | Noticed Psyche
 16657 | D:8      | Paralysed by Psyche for 2 turns
 16667 | D:8      | Killed Psyche
 16810 | D:8      | Reached skill level 7 in Spellcasting
 17388 | D:8      | Found a runed translucent gate.
 17388 | D:8      | Found a runed translucent gate.
 17389 | D:8      | Found a runed translucent gate.
 17389 | D:8      | Noticed a white ugly thing
 17389 | D:8      | Noticed a cyan ugly thing
 17389 | D:8      | Noticed a brown ugly thing
 17390 | D:8      | Noticed a cyan ugly thing
 17401 | D:8      | Killed a cyan ugly thing
 17402 | D:8      | Killed a brown ugly thing
 17403 | D:8      | Reached skill level 5 in Conjurations
 17407 | D:8      | Killed a cyan ugly thing
 17410 | D:8      | Killed a brown ugly thing
 17691 | D:8      | Found a runed translucent gate.
 17691 | D:8      | Found a runed translucent gate.
 17694 | D:8      | Found a runed translucent gate.
 17694 | D:8      | Noticed a harpy
 17699 | D:8      | Noticed Baconl0rd's ghost (novice DjAE)
 17704 | D:8      | a harpy changed into a human
 17723 | D:8      | Noticed an elephant
 17723 | D:8      | a tarantella changed into an elephant
 17727 | D:8      | Noticed a faun
 17729 | D:8      | Killed a faun
 17730 | D:8      | Gained mutation: You occasionally shout uncontrollably at
                  | your foes. [a neqoxec]
 17732 | D:8      | Noticed a black mamba
 17741 | D:8      | Killed an elephant
 17753 | D:8      | Killed Baconl0rd's ghost
 18016 | D:8      | Noticed a harpy
 18016 | D:8      | a komodo dragon changed into a harpy
 18437 | D:8      | Noticed a swamp dragon
 18447 | D:8      | Succumbed to a swamp dragon's poison gas

Illustrated notes

Levels and vault maps discovered:
D:1:      dpeg_arrival_rhombi, layout_rooms, chequers_ecumenical_altar_island
D:2:      layout_basic, st_stairs_3
D:3:      layout_loops_corners, serial_shops, shop, hangedman_decor_points,
          st_stairs_14, minmay_goblin_kobold_house, uniq_crazy_yiuf_cottage,
          uniq_ijyb
D:4:      layout_basic
D:5:      layout_loops_cross, mainiacjoe_overflow_24_doors, uniq_pikel
D:6:      layout_basic, xom_redecorated, minmay_temple_entry_glassed_door,
          gammafunk_ghost_cemetery, minmay_crystal_room, uniq_maggie
D:7:      layout_basic, mainiacjoe_overflow_catch_the_wave,
          grunt_temple_overflow_forces_of_nature, serial_shops, shop
D:8:      layout_basic, ploomutoo_gammafunk_ghost_potion_laboratory,
          enter_bailey_2, uniq_psyche

Skill      XL: |  1  2  3  4  5  6  7  8  9 10 |
---------------+-------------------------------+-----
Spellcasting   | 2 3 4 5 6 7 |  7.8
Fire Magic     | 3 4 5 6 |  6.5
Conjurations   | 1 2 3 4 5 |  5.1
Stealth        | 2 3 |  3.1
Fighting       | 1 2 3 4 6 |  6.1
Dodging        | 2 4 |  4.3
Armour         | 1 2 3 4 |  4.8
Staves         | 1 |  1.8
Hexes          | 2 3 4 |  4.1
Summonings     | 1 2 |  2.7
Throwing       | 1 2 |  2.0
Long Blades    | |  0.9
Evocations     | |  0.5

Action                   |  1- 3 |  4- 6 |  7- 9 | 10-12 || total
-------------------------+-------+-------+-------+-------++-------
Melee: Spear             |     6 |       |       |       ||     6
       Long sword        |     7 |    20 |       |       ||    27
       Quarterstaff      |       |    16 |    14 |    21 ||    51
Throw: Dart              |       |    12 |    10 |     1 ||    23
       Boomerang         |       |       |       |     4 ||     4
 Cast: Foxfire           |   121 |   136 |    94 |    37 ||   388
       Inner Flame       |       |     2 |    40 |    32 ||    74
       Summon Small Mamm |       |       |    21 |    30 ||    51
       Conjure Flame     |       |       |     1 |     9 ||    10
       Fireball          |       |       |     1 |       ||     1
Evoke: Wand              |       |       |     2 |     7 ||     9
  Use: Scroll            |       |     9 |     4 |     2 ||    15
       Potion            |       |     1 |       |     1 ||     2
Armor: Robe              |     4 |       |       |       ||     4
       Leather armour    |       |    13 |    16 |    18 ||    47
Dodge: Dodged            |    15 |    36 |    46 |    28 ||   125
       Rpst.: Long sword |     2 |     3 |       |       ||     5
